 Dungeon Crawl Stone Soup version 0.30.0-29-ga12c61a403 (webtiles) character file.

Game seed: 351094272419184279

318139 ChadusMaximus the Executioner (level 20, -8/193 HPs)
             Began as a Minotaur Fighter on June 20, 2023.
             Was a High Priest of Okawaru.
             Mangled by a white very ugly thing (33 damage)
             ... in the Arena.
             The game lasted 01:13:00 (37854 turns).

ChadusMaximus the Executioner (Minotaur Fighter)   Turns: 37854, Time: 01:13:01

Health: -8/193     AC: 49    Str: 31    XL:     20   Next: 57%
Magic:  18/26      EV: 10    Int:  6    God:    Okawaru [*****.]
Gold:   4215       SH: 25    Dex: 16    Spells: 19/19 levels left

rFire   + + +        e - +6 broad axe of the Lame Duck {flame, rPois rN+ Dex+2}
rCold   . . .        s - +0 tower shield
rNeg    + + +        Z - +5 crystal plate armour "Lorhet" {*Slow rF+++ rCorr Str+3}
rPois   +            q - +1 hat of Theory {Slay+3}
rElec   +            o - +2 ratskin cloak {*Rats rPois rN+ Str-1 Int-1 Dex+1}
rCorr   +            A - +1 pair of gloves "Yraul" {rElec Regen+ Int-4 Dex+5}
SInv    .            j - +2 pair of boots of the Sparrow {Drain Fly rF+ rN+}
Will    +....        Y - amulet of Honesty {Faith Int+4} Stlth
                     B - ring "Macro" {rElec rPois rF+ rCorr Str+3}
HPRegen 1.32/turn    X - +4 ring of protection
MPRegen 0.20/turn

%: random rage (3%), slow self (1%), faith
@: heroic, flying, slowed, studying Ranged Weapons, duelling, very slow
A: horns 2, retaliatory headbutt, berserk 1, clumsy 1, weak 1, noise suppression
}: 2/15 runes: serpentine, barnacled
a: Renounce Religion, Heroism, Finesse, Duel


You were in the Arena.
You worshipped Okawaru.
Okawaru was extremely pleased with you.
You visited 8 branches of the dungeon, and saw 37 of its levels.
You visited 1 bazaar.
You also visited: Trove, Sewer, Bailey and Gauntlet.

You collected 5157 gold pieces.
You spent 942 gold pieces at shops.

Inventory:

Hand Weapons
 e - the +6 broad axe of the Lame Duck (weapon) {flame, rPois rN+ Dex+2}
   (You found it in a treasure trove)

   Dex:       It affects your dexterity (+2).
   rPois:     It protects you from poison.
   rN:        It protects you from negative energy.
 i - the +7 great sword "Foilla" {spect, *Rage rC+ rCorr Int+3}
   (You found it in a treasure trove)

   Int:       It affects your intelligence (+3).
   rC:        It protects you from cold.
   *Rage:     It berserks you when you make melee attacks (+20% chance).
   rCorr:     It protects you from acid and corrosion.
 n - the +6 arbalest "Damnation" {damnation}
   (You found it on level 4 of the Vaults)
 C - the +3 broad axe of Corporal Punishment {flame, Int+4}
   (You found it in a treasure trove)

   Int:       It affects your intelligence (+4).
 F - a +1 eudemon blade of holy wrath
Missiles
 x - 3 atropa-tipped darts
 y - 7 throwing nets
 O - 39 boomerangs
 S - 7 javelins
 T - 7 silver boomerangs
 V - 11 silver javelins (quivered)
Armour
 a - a +8 crystal plate armour
 j - the +2 pair of boots of the Sparrow (worn) {Drain Fly rF+ rN+}
   (You found it on level 3 of the Lair of Beasts)

   rF:        It protects you from fire.
   rN:        It protects you from negative energy.
   Fly:       It grants you flight.
   Drain:     It drains your maximum health when unequipped.
 o - the +2 ratskin cloak (worn) {*Rats rPois rN+ Str-1 Int-1 Dex+1}
   (You found it on level 2 of the Dungeon)

   *Rats:     When the wearer is hurt, rats may emerge from it to assist them.
   Str:       It affects your strength (-1).
   Int:       It affects your intelligence (-1).
   Dex:       It affects your dexterity (+1).
   rPois:     It protects you from poison.
   rN:        It protects you from negative energy.
 q - the +1 hat of Theory (worn) {Slay+3}
   (Okawaru gifted it to you on level 5 of the Lair of Beasts)

   Slay:      It affects your accuracy & damage with ranged weapons and melee
   (+3).
 s - a +0 tower shield (worn)
 t - +0 ice dragon scales
 A - the +1 pair of gloves "Yraul" (worn) {rElec Regen+ Int-4 Dex+5}
   (Okawaru gifted it to you on level 3 of the Lair of Beasts)

   Int:       It affects your intelligence (-4).
   Dex:       It affects your dexterity (+5).
   rElec:     It insulates you from electricity.
   Regen:     It increases your rate of health regeneration.
 Z - the +5 crystal plate armour "Lorhet" (worn) {*Slow rF+++ rCorr Str+3}
   (Okawaru gifted it to you on level 2 of the Vaults)

   Str:       It affects your strength (+3).
   rF:        It renders you almost immune to fire.
   rCorr:     It protects you from acid and corrosion.
   *Slow:     It may slow you when you take damage.
Jewellery
 B - the ring "Macro" (left hand) {rElec rPois rF+ rCorr Str+3}
   (You found it on level 12 of the Dungeon)

   [ring of resist corrosion]

   Str:       It affects your strength (+3).
   rF:        It protects you from fire.
   rElec:     It insulates you from electricity.
   rPois:     It protects you from poison.
   rCorr:     It protects you from acid and corrosion.
 P - an amulet of magic regeneration
 R - the ring of the Blue God {+Blink rPois rF+}
   (You took it off a minotaur in a Gauntlet)

   [ring of poison resistance]

   rF:        It protects you from fire.
   rPois:     It protects you from poison.
   +Blink:    It lets you blink.
 X - a +4 ring of protection (right hand)
 Y - the amulet of Honesty (around neck) {Faith Int+4}
   (You took it off a boggart on level 13 of the Dungeon)

   [amulet of faith]

   It allows you to gain divine favour quickly.
   Int:       It affects your intelligence (+4).
Wands
 r - a wand of digging (4)
Scrolls
 f - 10 scrolls of fear
 g - 5 scrolls of brand weapon
 p - a scroll of magic mapping
 w - 5 scrolls of torment
 D - 4 scrolls of poison
 G - 6 scrolls of blinking
 H - 4 scrolls of silence
 I - 3 scrolls of enchant weapon
 J - 6 scrolls of identify
 L - 5 scrolls of amnesia
 M - 13 scrolls of teleportation
 N - 6 scrolls of vulnerability
 Q - 4 scrolls of fog
Potions
 b - 4 potions of ambrosia
 c - 2 potions of resistance
 d - 8 potions of mutation
 h - 5 potions of cancellation
 k - 6 potions of lignification
 l - 3 potions of brilliance
 m - 6 potions of haste
 u - 12 potions of flight
 v - 9 potions of attraction
 z - 6 potions of berserk rage
 E - 2 potions of invisibility
 K - 6 potions of might
 W - 5 potions of heal wounds


   Skills:
 + Level 20.3(25.3) Fighting
 + Level 23.5(27) Axes
 + Level 12.3(17.3) Throwing
 + Level 18.3(23.3) Armour
 + Level 21.6(26.6) Shields
 - Level 10.2 Invocations
 + Level 0.2 Evocations


You had 19 spell levels left.
You didn't know any spells.
Your spell library contained the following spells:

 Spells                   Type           Power      Damage    Failure   Level
 Kiss of Death            Conj/Necr      0%         2d5       98%         1
 Sandblast                Erth           0%         2d4       98%         1
 Blink                    Tloc           0%         N/A       99%         2
 Cigotuvi's Dreadful Rot  Necr/Pois/Air  0%         N/A       99%         2
 Ensorcelled Hibernation  Hex/Ice        0%         N/A       99%         2
 Lesser Beckoning         Tloc           0%         N/A       99%         2
 Momentum Strike          Conj/Tloc      0%         3d8       99%         2
 Passwall                 Tmut/Erth      0%         N/A       99%         2
 Static Discharge         Conj/Air       0%         2-2/arc   99%         2
 Confusing Touch          Hex            0%         N/A       100%        3
 Gell's Gravitas          Tloc           0%         N/A       100%        3
 Ignite Poison            Fire/Tmut/Pois 0%         N/A       100%        3
 Portal Projectile        Hex/Tloc       0%         N/A       100%        3
 Spider Form              Tmut/Pois      0%         N/A       100%        3
 Stone Arrow              Conj/Erth      0%         3d7       100%        3
 Teleport Other           Tloc           0%         N/A       100%        3
 Airstrike                Air            0%         2d(0-16)  100%        4
 Anguish                  Hex/Necr       0%         N/A       100%        4
 Dispel Undead            Necr           0%         3d6       100%        4
 Leda's Liquefaction      Hex/Erth       0%         N/A       100%        4
 Manifold Assault         Tloc           0%         N/A       100%        4
 Olgreb's Toxic Radiance  Pois           0%         N/A       100%        4
 Blade Hands              Tmut           0%         N/A       100%        5
 Freezing Cloud           Conj/Ice/Air   0%         6-21      100%        5
 Iskenderun's Battlesphe  Conj           0%         2d6       100%        5
 Dispersal                Tloc           0%         N/A       100%        6
 Iron Shot                Conj/Erth      0%         9d1       100%        6
 Orb of Destruction       Conj           0%         9d5       100%        7
 Storm Form               Tmut/Air       0%         N/A       100%        7
 Discord                  Hex            0%         N/A       100%        8
 Ignition                 Fire           0%         3d3       100%        8
 Lehudib's Crystal Spear  Conj/Erth      0%         10d2      100%        8
 Summon Small Mammal      Summ           Unusable   N/A       N/A         1
 Call Canine Familiar     Summ           Unusable   N/A       N/A         3
 Summon Guardian Golem    Hex/Summ       Unusable   N/A       N/A         3
 Tukima's Dance           Hex            Unusable   N/A       N/A         3
 Animate Armour           Summ/Erth      Unusable   N/A       N/A         4
 Summon Lightning Spire   Summ/Air       Unusable   N/A       N/A         4
 Spellforged Servitor     Conj/Summ      Unusable   N/A       N/A         7

Dungeon Overview and Level Annotations

Branches:
Dungeon (15/15)            Temple (1/1) D:7            Lair (5/5) D:11
 Shoals (4/4) Lair:3        Snake (4/4) Lair:2        Slime (0/5) Lair:5
    Orc (2/2) D:10            Elf (0/3) Orc:2        Vaults (4/5) D:14
  Crypt (0/3) Vaults:3     Depths (2/4) D:15          Sewer (visited)
 Bailey (visited)         Gauntlet (visited)

Altars:
Ashenzari
Cheibriados
Dithmenos
Elyvilon
Fedhas
Gozag
Hepliaklqana
Kikubaaqudgha
Makhleb
Nemelex Xobeh
Okawaru
Qazlal
Ru
Sif Muna
Trog
Uskayaw
Vehumet
Wu Jian
Xom
Yredelemnul
Zin
The Shining One
Jiyva
Lugonu

Shops:
D:1 *   D:8 =   D:11 (*(=   Orc:2 :*![   Shoals:4 (   Snake:1 ==:(   Snake:4 [
Vaults:1 (

Portals:
Hell: Depths:1
Abyss: Lair:5
Ziggurat: Depths:1

Annotations:
Lair:5 1 runed translucent door


Innate Abilities, Weirdness & Mutations

You have a pair of horns on your head.
You reflexively headbutt those who attack you in melee.
You sometimes lose your temper in combat.
You are clumsy. (Dex -2)
You are weak. (Str -2)
You passively dampen the noise of your surroundings.


Message History

The tengu warrior shoots a bolt.
You block the bolt.
The white very ugly thing tentacle-slaps you but does no damage.
You block the white very ugly thing's attack.
You block the white very ugly thing's attack.
There is a stone staircase leading up here.
You gain the combat prowess of a mighty hero.
The white very ugly thing closely misses you.
You furiously retaliate!
You headbutt the white very ugly thing! You hit the white very ugly thing.
You burn the white very ugly thing.
Your headbutt misses the white very ugly thing.
The white very ugly thing is severely wounded.
The white very ugly thing completely misses you.
You slash the white very ugly thing! You burn the white very ugly thing.
The white very ugly thing is severely wounded.
The white very ugly thing tentacle-slaps you but does no damage.
The tengu warrior unwields a +0 arbalest.
The tengu warrior wields a +2 great sword.
You block the tengu warrior's attack. x2
The tengu warrior completely misses you.
The white very ugly thing tentacle-slaps you!
* * * LOW HITPOINT WARNING * * *
The white very ugly thing freezes you!!!
* * * LOW HITPOINT WARNING * * *
Unknown command.
You feel much better.
The white very ugly thing tentacle-slaps you but does no damage.
You block the tengu warrior's attack. x2
The tengu warrior claws you but does no damage.
Aiming: Duel (13% risk of failure)
Press: ? - help, Dir - move target, f - white very ugly thing
Aim: a white very ugly thing (severely wounded)
You enter into single combat with the white very ugly thing!
The world spins around you as you enter the gateway.
You enter Okawaru's Arena!
The spectator shouts! x8
The white very ugly thing tentacle-slaps you.
* * * LOW HITPOINT WARNING * * *
The white very ugly thing freezes you!!
You die...
Okawaru crowns the white very ugly thing victorious!

###########
#.p.▓p▓.p.# ##
▓▓▓▓▓▓▓▓▓ ##
#.▓ ....... ▓.#
#p▓.#.....#.▓p#
#.▓.........▓.#
#▓▓.........▓▓#
#p▓....@....▓∩#
#▓▓....u....▓▓#
#.▓.........▓.#
#p▓.#.....#.▓p#
#.▓ ....... ▓.#
## ▓▓▓▓▓▓▓▓▓ ##
#.p.▓p▓.p.#
###########


You could see a white very ugly thing.

Vanquished Creatures
  2 dread liches (Depths:1)
  Mennas (Vaults:4)
  Sojobo (Depths:1)
  Jorgrun (Arena)
  A kraken (Shoals:4)
  Kirke (Snake:2)
  Gastronok (D:8)
  Frances (Shoals:1)
  4 sphinxes
  2 tengu reavers (Depths:1)
  Ilsuiw (Shoals:2)
  8 nagarajas
  7 vault wardens
  2 frost giants
  Aizul (Snake:3)
  The ghost of Sonof the Ninja, an adept SpEn of Wu Jian (Snake:2)
  An orc warlord (Orc:1)
  11 ironbound preservers
  5 very ugly things
  7 stone giants
  A vampire knight (Depths:1)
  6 ironbound thunderhulks
  The ghost of Tivow the Merfolkian Cataclysm, a journeyman MfHs of Qazlal (D:14)
  A minotaur (Gauntlet)
  12 dire elephants
  Snorg (Lair:3)
  3 ettins (Depths:1)
  10 merfolk impalers
  An entropy weaver (Vaults:2)
  A fire dragon (Depths:1)
  A merfolk javelineer (Shoals:4)
  The ghost of Koadyer the Zephyrmancer, a journeyman OpAE of Gozag (D:13)
  A deep elf high priest (Depths:1)
  2 ice dragons (Depths:1)
  A salamander tyrant (Snake:2)
  3 vault guards (Vaults:3)
  11 yaktaur captains
  7 great orbs of eyes
  9 hydras
  3 ogre magi
  7 centaur warriors
  3 merfolk avatars
  An alligator snapping turtle (Shoals:2)
  9 ironbound frosthearts
  2 dancing weapons (D:14)
  8 anacondas
  3 merfolk aquamancers
  A death scarab (Gauntlet)
  14 two-headed ogres
  4 deep troll shamans (Depths:1)
  4 satyrs
  2 tengu warriors (D:15)
  3 boulder beetles
  An orc high priest (D:14)
  The ghost of ChadusMaximus the Blocker, a novice FoFi of Okawaru (D:7)
  11 naga warriors
  A death knight (D:10)
  3 thrashing horrors (Lair:5)
  2 deep troll earth magi (Depths:1)
  8 naga sharpshooters
  Sonja (Lair:3)
  A hell knight (D:15)
  8 shock serpents
  3 spriggans (D:13)
  2 fire crabs (Shoals:3)
  8 skeletal warriors
  5 iron trolls (Depths:1)
  3 skysharks
  39 deep trolls
  15 sea snakes
  5 naga ritualists
  3 glowing orange brains
  2 wizards (Vaults:3)
  11 lindwurms
  A spectral hydra (Gauntlet)
  6 necromancers
  14 ironbound convokers
  4 deep elf pyromancers
  3 deep elf zephyrmancers (Depths:1)
  36 harpies
  A tengu zombie (Vaults:1)
  17 fauns
  2 orc knights (D:14)
  8 mana vipers
  5 large abominations
  A frost giant zombie (Vaults:3)
  An oklob plant (Lair:4)
  A manticore (shapeshifter) (Vaults:3)
  8 cyclopes
  6 salamanders
  A salamander (shapeshifter) (D:14)
  11 manticores
  10 ugly things
  A worldbinder (Gauntlet)
  10 elephants
  A stone giant skeleton (Vaults:2)
  14 vault sentinels
  9 merfolk sirens
  29 black mambas
  8 guardian serpents
  15 naga magi
  Joseph (D:7)
  3 water nymphs
  5 cane toads
  2 smoke demons (Lair:5)
  4 torpor snails
  An unseen horror (shapeshifter) (Lair:5)
  7 komodo dragons
  2 rime drakes (Lair:5)
  26 yaktaurs
  A freezing wraith (D:15)
  3 tengu conjurers (D:15)
  A human skeleton (Vaults:4)
  2 burning bushes (Lair:1)
  27 merfolk
  A queen bee (D:7)
  2 ancient zymes (Lair:5)
  9 meliai (D:15)
  15 trolls
  A tengu simulacrum (Vaults:2)
  A polar bear (shapeshifter) (Lair:5)
  15 blink frogs
  A shadow dragon simulacrum (Vaults:4)
  4 hornets
  3 polar bears
  7 wind drakes
  9 dream sheep
  8 snapping turtles
  An ettin zombie (Vaults:1)
  30 slime creatures
  2 shadows
  16 wyverns
  An elf simulacrum (Vaults:3)
  44 yaks
  A culicivora (shapeshifter) (D:13)
  2 fire bats (Shoals:3)
  A fire bat (shapeshifter) (Lair:5)
  2 ynoxinuls (Lair:5)
  6 hogs (Snake:2)
  12 water elementals
  18 basilisks
  4 wraiths
  A redback (Vaults:2)
  11 vampire mosquitoes
  2 steam dragons
  A warg (Orc:1)
  45 nagas
  3 glowing shapeshifter zombies
  An acid dragon (D:14)
  13 small abominations
  10 water moccasins
  A sky beast (D:7)
  19 orc warriors
  5 black bears
  A glowing shapeshifter skeleton (Vaults:3)
  4 ice beasts
  6 boggarts
  10 centaurs
  12 wolves
  18 ogres
  3 kobold brigands
  8 bullfrogs
  12 gnoll sergeants
  2 two-headed ogre simulacra (D:11)
  3 scorpions
  11 wights (D:8)
  12 killer bees
  3 howler monkeys (D:10)
  An electric eel (D:10)
  5 hounds
  2 jellies
  14 orc priests
  8 gnoll boudas
  A sleepcap (D:7)
  2 iguanas
  20 orc wizards
  16 hell rats (Lair:5)
  A spriggan simulacrum (D:11)
  20 gnolls
  6 adders
  A river rat (Sewer)
  3 white imps (D:7)
  A worm (D:3)
  3 dart slugs
  51 orcs
  10 ball pythons
  5 bats
  8 endoplasms
  5 giant cockroaches
  10 goblins
  7 hobgoblins
  9 jackals
  3 quokkas
  2 frilled lizards (D:2)
  21 kobolds
  7 rats
  4 tentacles (Shoals:4)
1316 creatures vanquished.

Vanquished Creatures (collateral kills)
  A black bear (D:5)
  A phantom (D:7)
  A kobold brigand (Sewer)
  A gnoll (D:7)
  A jackal (Sewer)
5 creatures vanquished.

Vanquished Creatures (others)
  A deep troll (Vaults:2)
  A merfolk (Shoals:1)
  A water elemental (Depths:1)
  An orc wizard (Orc:1)
  4 tentacles (Shoals:4)
8 creatures vanquished.

Grand Total: 1329 creatures vanquished

Notes
Turn   | Place    | Note
-------+----------+-------------------------------------------
     0 | D:1      | ChadusMaximus the Minotaur Fighter began the quest for the
                  | Orb.
     0 | D:1      | Reached XP level 1. HP: 19/19 MP: 0/0
   109 | D:1      | Reached XP level 2. HP: 26/27 MP: 1/1
   240 | D:1      | Found Ojezi's General Store.
   256 | D:1      | Found a faded altar of an unknown god.
   341 | D:1      | Reached skill level 3 in Axes
   341 | D:1      | Reached XP level 3. HP: 33/33 MP: 2/2
   732 | D:2      | Reached XP level 4. HP: 41/41 MP: 3/3
   802 | D:2      | Found the +2 ratskin cloak {*Rats rPois rN+ Str-1 Int-1
                  | Dex+1}
  1024 | D:3      | You fall into a shaft and drop 2 floors!
  1024 | D:5      | Entered Level 5 of the Dungeon
  1127 | D:4      | Reached XP level 5. HP: 47/47 MP: 4/4
  1173 | D:4      | Reached skill level 4 in Axes
  1344 | D:4      | Found a glowing drain.
  1359 | Sewer    | Entered a sewer
  1433 | Sewer    | Reached skill level 5 in Fighting
  1433 | Sewer    | Reached skill level 5 in Armour
  1433 | Sewer    | Reached skill level 5 in Shields
  1433 | Sewer    | Reached XP level 6. HP: 56/56 MP: 5/5
  1469 | Sewer    | Found a white marble altar of Elyvilon.
  1858 | D:4      | Found a burning altar of Makhleb.
  2183 | D:3      | Reached skill level 5 in Axes
  3053 | D:5      | Noticed a water moccasin
  3057 | D:5      | Killed a water moccasin
  3058 | D:5      | Reached skill level 6 in Axes
  3058 | D:5      | Reached XP level 7. HP: 61/61 MP: 6/6
  3458 | D:6      | Found a hide-covered altar of Uskayaw.
  3622 | D:6      | Reached skill level 7 in Axes
  3741 | D:6      | Reached XP level 8. HP: 70/70 MP: 7/7
  4077 | D:7      | Noticed Joseph
  4079 | D:7      | Noticed a queen bee
  4228 | D:7      | Killed Joseph
  4229 | D:7      | Reached skill level 8 in Axes
  4243 | D:7      | Found a transporter.
  4245 | D:7      | Found a transporter.
  4249 | D:7      | Noticed ChadusMaximus's ghost (novice FoFi)
  4416 | D:7      | Reached skill level 9 in Axes
  4416 | D:7      | Reached XP level 9. HP: 79/79 MP: 8/8
  4424 | D:7      | Found a staircase to the Ecumenical Temple.
  4441 | D:7      | Found a hazy altar of Hepliaklqana.
  4443 | D:7      | Found a snail-covered altar of Cheibriados.
  4466 | Temple   | Entered the Ecumenical Temple
  5152 | D:7      | Found an iron altar of Okawaru.
  5359 | D:7      | Became a worshipper of Warmaster Okawaru
  5648 | D:8      | Found Bireniffy's Jewellery Shoppe.
  5665 | D:8      | Reached skill level 1 in Invocations
  5887 | D:8      | Noticed Gastronok
  5901 | D:8      | Killed Gastronok
  5901 | D:8      | Reached * piety under Okawaru
  5902 | D:8      | Reached skill level 10 in Axes
  5902 | D:8      | Reached XP level 10. HP: 21/89 MP: 9/12
  5976 | D:8      | Reached ** piety under Okawaru
  6158 | D:8      | Found an ornate altar of the Wu Jian Council.
  6415 | D:8      | Found the +7 Throatcutter {drain, coup de grace}
  6536 | D:9      | Reached skill level 11 in Axes
  6581 | D:9      | Reached skill level 5 in Invocations
  6651 | D:9      | Reached *** piety under Okawaru
  6816 | D:9      | Found a basalt altar of Yredelemnul.
  7457 | D:10     | Entered Level 10 of the Dungeon
  7479 | D:10     | Found a flagged portal.
  7493 | Bailey   | Entered a bailey
  7527 | Bailey   | Reached skill level 1 in Throwing
  8076 | D:10     | Reached XP level 11. HP: 86/97 MP: 14/14
  8079 | D:10     | Reached skill level 12 in Axes
  8081 | D:10     | Noticed a two-headed ogre
  8081 | D:10     | Reached **** piety under Okawaru
  8104 | D:10     | Killed a two-headed ogre
  8194 | D:10     | Noticed a death knight
  8320 | D:10     | Identified the +3 war axe of the Crushed Stars {drain, rN+
                  | rCorr Dex+2}
  8350 | D:10     | Killed a death knight
  8350 | D:10     | Received a gift from Okawaru
  8674 | D:10     | Found a broken altar of Ashenzari.
  8675 | D:10     | Found a glowing silver altar of Zin.
  9020 | D:10     | Found a staircase to the Orcish Mines.
  9250 | D:11     | Found a gate leading to a gauntlet.
  9256 | D:11     | Reached skill level 10 in Shields
  9264 | Gauntlet | Entered a Gauntlet
  9264 | Gauntlet | Found a transporter.
  9264 | Gauntlet | Found a transporter.
  9268 | Gauntlet | Found a transporter.
  9268 | Gauntlet | Found a transporter.
  9278 | Gauntlet | Found a transporter.
  9278 | Gauntlet | Found a transporter.
  9288 | Gauntlet | Found a transporter.
  9288 | Gauntlet | Found a transporter.
  9290 | Gauntlet | Noticed a large abomination
  9291 | Gauntlet | Noticed a large abomination
  9291 | Gauntlet | Noticed a large abomination
  9319 | Gauntlet | Found a transporter.
  9333 | Gauntlet | Found a transporter.
  9350 | Gauntlet | Noticed a death scarab
  9353 | Gauntlet | Found a transporter.
  9375 | Gauntlet | Found a transporter.
  9421 | Gauntlet | Found a transporter.
  9434 | Gauntlet | Noticed an oklob plant
  9435 | Gauntlet | Found a transporter.
  9539 | Gauntlet | Found a transporter.
  9544 | Gauntlet | Noticed a death scarab
  9553 | Gauntlet | Found a transporter.
  9724 | Gauntlet | Killed a death scarab
  9724 | Gauntlet | Received a gift from Okawaru
  9725 | Gauntlet | Reached skill level 10 in Fighting
  9725 | Gauntlet | Reached skill level 13 in Axes
  9725 | Gauntlet | Reached skill level 5 in Throwing
  9725 | Gauntlet | Reached skill level 10 in Armour
  9741 | Gauntlet | Identified the +0 pair of boots of the Lizard {Harm Str-5
                  | Dex+3 SInv}
  9800 | Gauntlet | Noticed a necromancer
  9802 | Gauntlet | Noticed a skeletal warrior
  9802 | Gauntlet | Noticed a necromancer
  9802 | Gauntlet | Noticed a skeletal warrior
  9842 | Gauntlet | Killed a large abomination
  9853 | Gauntlet | Killed a large abomination
  9877 | Gauntlet | Identified the +2 pair of gloves of Decompression {Int+3}
  9955 | Gauntlet | Identified the ring of the Blue God {+Blink rPois rF+}
  9955 | Gauntlet | Noticed a minotaur
  9975 | Gauntlet | Killed a minotaur
  9975 | Gauntlet | Reached ***** piety under Okawaru
  9976 | Gauntlet | Reached XP level 12. HP: 65/107 MP: 15/15
 10091 | D:11     | Received a gift from Okawaru
 10120 | D:11     | Found Vil Qou's Jewellery Shop.
 10131 | D:11     | Found a sacrificial altar of Ru.
 10245 | D:11     | Found a staircase to the Lair.
 10271 | D:11     | Found Leamew's Weapon Shop.
 10410 | D:11     | Found Muasaq's General Store.
 10410 | D:11     | Found a transporter.
 10628 | D:11     | Found a transporter.
 10628 | D:11     | Found Luehoil's Antique Weapon Shop.
 10725 | D:11     | Noticed a two-headed ogre
 10730 | D:11     | Killed a two-headed ogre
 10839 | Lair:1   | Entered Level 1 of the Lair of Beasts
 10848 | Lair:1   | Received a gift from Okawaru
 11012 | Lair:1   | Reached skill level 14 in Axes
 11769 | Lair:2   | Received a gift from Okawaru
 11787 | Lair:2   | Noticed a six-headed hydra
 11795 | Lair:2   | Killed a ten-headed hydra
 11856 | Lair:2   | Received a gift from Okawaru
 11970 | Lair:2   | Found a staircase to the Snake Pit.
 12031 | Lair:2   | Noticed a boulder beetle
 12050 | Lair:2   | Killed a boulder beetle
 12050 | Lair:2   | Received a gift from Okawaru
 12629 | Lair:3   | Found a blossoming altar of Fedhas.
 12721 | Lair:3   | Reached XP level 13. HP: 116/116 MP: 16/16
 12728 | Lair:3   | Found a staircase to the Shoals.
 12759 | Lair:3   | Identified the +2 pair of boots of the Sparrow {Drain Fly
                  | rF+ rN+}
 12866 | Lair:3   | Noticed Snorg
 12882 | Lair:3   | Killed Snorg
 12882 | Lair:3   | Identified the +1 pair of gloves "Yraul" {rElec Regen+
                  | Int-4 Dex+5} (Okawaru gifted it to you on level 3 of the
                  | Lair of Beasts)
 12882 | Lair:3   | Received a gift from Okawaru
 13132 | Lair:3   | Noticed Sonja
 13145 | Lair:3   | Reached skill level 15 in Axes
 13152 | Lair:3   | Killed Sonja
 13760 | Lair:4   | Found a runed translucent door.
 14460 | Lair:5   | Entered Level 5 of the Lair of Beasts
 14951 | Lair:5   | Identified the +1 hat of Theory {Slay+3} (Okawaru gifted it
                  | to you on level 5 of the Lair of Beasts)
 14951 | Lair:5   | Received a gift from Okawaru
 14985 | Lair:5   | Reached skill level 16 in Axes
 15011 | Lair:5   | Reached skill level 10 in Throwing
 15053 | Lair:5   | Reached XP level 14. HP: 127/127 MP: 15/17
 15279 | Lair:5   | Found a runed translucent door.
 15280 | Lair:5   | Found a viscous altar of Jiyva.
 15280 | Lair:5   | Noticed an acid blob
 15284 | Lair:5   | Found a staircase to the Slime Pits.
 15466 | Lair:5   | Identified the +6 dagger of Sisy {flame, rN+}
 15602 | Lair:5   | Found a corrupted altar of Lugonu.
 15602 | Lair:5   | Found a one-way gate to the infinite horrors of the Abyss.
 15875 | Lair:5   | Received a gift from Okawaru
 16018 | Orc:1    | Entered Level 1 of the Orcish Mines
 16070 | Orc:1    | Noticed an orc warlord
 16129 | Orc:1    | Killed an orc warlord
 16334 | Orc:2    | Entered Level 2 of the Orcish Mines
 16404 | Orc:2    | Found Peatoles's Distillery.
 16404 | Orc:2    | Found a staircase to the Elven Halls.
 16418 | Orc:2    | Received a gift from Okawaru
 16419 | Orc:2    | Reached skill level 17 in Axes
 16427 | Orc:2    | Received a gift from Okawaru
 16462 | Orc:2    | Paralysed by an ogre mage for 3 turns
 16546 | Orc:2    | Found Kukuc's Book Shop.
 16551 | Orc:2    | Found Xuarig's Antique Armour Shoppe.
 16552 | Orc:2    | Found Laefeleg's Assorted Antiques.
 16564 | Orc:2    | Bought a scroll of teleportation for 108 gold pieces
 16571 | Orc:2    | Bought a kite shield for 148 gold pieces
 17899 | D:7      | Killed ChadusMaximus's ghost
 18138 | D:12     | Identified the ring "Macro" {rElec rPois rF+ rCorr Str+3}
 18382 | D:12     | Reached ****** piety under Okawaru
 18479 | D:12     | Found a glowing golden altar of the Shining One.
 18662 | D:13     | Identified the +3 spear of Vuyduock {vamp, rElec rF+ Str+3
                  | Dex+5}
 18662 | D:13     | Found a runed translucent door.
 18675 | D:13     | Identified the amulet of Honesty {Faith Int+4}
 18677 | D:13     | Noticed Koadyer's ghost (journeyman OpAE)
 18686 | D:13     | Reached XP level 15. HP: 121/136 MP: 18/18
 18739 | D:13     | Received a gift from Okawaru
 19083 | D:13     | Reached skill level 18 in Axes
 19169 | D:13     | Found a shimmering blue altar of Sif Muna.
 19572 | D:13     | Killed Koadyer's ghost
 19922 | D:14     | Found a gate to the Vaults.
 20028 | D:14     | Found a runed translucent gate.
 20028 | D:14     | Found a runed translucent gate.
 20029 | D:14     | Found a runed translucent gate.
 20030 | D:14     | Noticed Tivow's ghost (journeyman MfHs)
 20031 | D:14     | Identified the +10 plate armour of Living Miracles {Drain
                  | rCorr Str+3}
 20414 | D:14     | Identified the +4 flail of Modesty {freeze, Will+}
 20454 | D:14     | Killed Tivow's ghost
 20860 | D:15     | Entered Level 15 of the Dungeon
 21036 | D:15     | Identified the ring of Zaheuxud {rPois Int+3}
 21236 | D:15     | Received a gift from Okawaru
 21757 | D:15     | Found a staircase to the Depths.
 21851 | D:15     | Received a gift from Okawaru
 22117 | Snake:1  | Entered Level 1 of the Snake Pit
 22129 | Snake:1  | Found Kaosethe's Weapon Shop.
 22146 | Snake:1  | Received a gift from Okawaru
 22268 | Snake:1  | Received a gift from Okawaru
 22347 | Snake:1  | Reached skill level 19 in Axes
 22404 | Snake:1  | Noticed a nagaraja
 22418 | Snake:1  | Killed a nagaraja
 22418 | Snake:1  | Received a gift from Okawaru
 22419 | Snake:1  | Reached XP level 16. HP: 116/146 MP: 21/21
 22678 | Snake:1  | Received a gift from Okawaru
 22719 | Snake:1  | Found Lolucw Geod's Jewellery Shop.
 22724 | Snake:1  | Found Astojyko's Book Emporium.
 22725 | Snake:1  | Found Vouf's Jewellery Shop.
 22919 | Snake:2  | Received a gift from Okawaru
 22932 | Snake:2  | Received a gift from Okawaru
 23254 | Snake:2  | Identified the +1 robe "Fireclock" {Stlth+} (Okawaru gifted
                  | it to you on level 2 of the Snake Pit)
 23254 | Snake:2  | Received a gift from Okawaru
 23377 | Snake:2  | Noticed Kirke
 23393 | Snake:2  | Killed Kirke
 23471 | Snake:2  | Reached skill level 10 in Invocations
 23547 | Snake:2  | Found a runed translucent door.
 23547 | Snake:2  | Noticed Sonof's ghost (adept SpEn)
 23823 | Snake:2  | Identified the +0 robe "Gutsuceg" {Contam Will+ Dex+2}
 24092 | Snake:2  | Killed Sonof's ghost
 24160 | Snake:3  | Noticed Jorgrun
 24176 | Arena    | Entered the Arena
 24184 | Arena    | Killed Jorgrun
 24213 | Snake:3  | Reached skill level 15 in Fighting
 24402 | Snake:3  | Reached skill level 15 in Shields
 24589 | Snake:3  | Noticed Aizul
 24604 | Snake:3  | Killed Aizul
 24604 | Snake:3  | Received a gift from Okawaru
 24901 | Snake:3  | Received a gift from Okawaru
 24901 | Snake:3  | Found the +18 Lear's hauberk
 24989 | Snake:3  | Reached skill level 15 in Armour
 25193 | Snake:4  | Entered Level 4 of the Snake Pit
 25202 | Snake:4  | Reached skill level 20 in Axes
 25545 | Snake:4  | Reached XP level 17. HP: 120/156 MP: 15/23
 25774 | Snake:4  | Found Wusuhe's Antique Armour Shop.
 25881 | Snake:4  | Received a gift from Okawaru
 26014 | Snake:4  | Got a serpentine rune of Zot
 26425 | Shoals:1 | Entered Level 1 of the Shoals
 26456 | Shoals:1 | Received a gift from Okawaru
 26466 | Shoals:1 | Noticed Frances
 26478 | Shoals:1 | Killed Frances
 27512 | Shoals:2 | Noticed Ilsuiw
 27553 | Shoals:2 | Received a gift from Okawaru
 27664 | Shoals:2 | Killed Ilsuiw
 27734 | Shoals:2 | Received a gift from Okawaru
 28724 | Shoals:3 | Identified the +1 plate armour of the Blacksmith {*Slow
                  | rCorr Int+3} (Okawaru gifted it to you on level 3 of the
                  | Shoals)
 28724 | Shoals:3 | Received a gift from Okawaru
 29314 | Shoals:3 | Reached XP level 18. HP: 168/168 MP: 24/24
 29322 | Shoals:4 | Entered Level 4 of the Shoals
 29402 | Shoals:4 | Reached skill level 21 in Axes
 29819 | Shoals:4 | Got a barnacled rune of Zot
 30032 | Shoals:4 | Identified the +2 robe of the Black Moon {Drain rElec rPois
                  | Regen+} (Okawaru gifted it to you on level 4 of the Shoals)
 30032 | Shoals:4 | Received a gift from Okawaru
 30194 | Shoals:4 | Found Emedd's Weapon Boutique.
 30649 | Vaults:1 | Entered Level 1 of the Vaults
 30707 | Vaults:1 | Found Nydyuz's Weapon Emporium.
 31455 | Vaults:1 | Identified the +9 flail "Zuunypp" {vamp, Str+3 SInv}
                  | (Okawaru gifted it to you on level 1 of the Vaults)
 31455 | Vaults:1 | Received a gift from Okawaru
 31582 | Vaults:1 | Found a portal to a secret trove of treasure.
 31844 | Vaults:2 | Found a flickering gateway to a bazaar.
 31851 | Bazaar   | Entered a bazaar
 31851 | Bazaar   | Found Meneoreq's General Store.
 31851 | Bazaar   | Found Logamp's Distillery.
 31857 | Bazaar   | Found Vopnif's Magic Scroll Boutique.
 31859 | Bazaar   | Bought a scroll of teleportation for 48 gold pieces
 31859 | Bazaar   | Bought a potion of berserk rage for 80 gold pieces
 31859 | Bazaar   | Bought a potion of might for 64 gold pieces
 31859 | Bazaar   | Bought a potion of curing for 48 gold pieces
 31869 | Bazaar   | Bought a scroll of enchant weapon for 45 gold pieces
 31869 | Bazaar   | Bought 3 scrolls of enchant armour for 135 gold pieces
 31881 | Bazaar   | Found Darehea's Book Boutique.
 31916 | Bazaar   | Bought a potion of mutation for 152 gold pieces
 31916 | Bazaar   | Bought a potion of curing for 57 gold pieces
 31916 | Bazaar   | Bought a potion of curing for 57 gold pieces
 32169 | Vaults:2 | Received a gift from Okawaru
 32341 | Vaults:2 | Reached XP level 19. HP: 160/179 MP: 25/25
 32503 | Vaults:2 | Identified the +5 crystal plate armour "Lorhet" {*Slow
                  | rF+++ rCorr Str+3} (Okawaru gifted it to you on level 2 of
                  | the Vaults)
 32503 | Vaults:2 | Received a gift from Okawaru
 32574 | Vaults:2 | Identified the +3 ring mail "Zebeumnu" {Drain rCorr Slay+5
                  | SInv}
 32799 | Vaults:2 | Reached skill level 22 in Axes
 33679 | Vaults:1 | You paid a toll of 17 potions of curing to enter a treasure
                  | trove
 33680 | Trove    | Entered a treasure trove
 33687 | Trove    | Identified the +3 broad axe of Corporal Punishment {flame,
                  | Int+4}
 33688 | Trove    | Identified the +6 broad axe of the Lame Duck {flame, rPois
                  | rN+ Dex+2}
 33692 | Trove    | Identified the +1 shortbow "Axzan" {heavy, rC++}
 33693 | Trove    | Identified the +7 great sword "Foilla" {spect, *Rage rC+
                  | rCorr Int+3}
 34264 | Vaults:3 | Identified the +1 cloak of Okawaru's Grace {rElec Stlth+}
                  | (Okawaru gifted it to you on level 3 of the Vaults)
 34264 | Vaults:3 | Received a gift from Okawaru
 34958 | Vaults:3 | Found a staircase to the Crypt.
 35574 | Vaults:4 | Found the +6 arbalest "Damnation" {damnation}
 35644 | Vaults:4 | Noticed Mennas
 35668 | Vaults:4 | Killed Mennas
 35722 | Vaults:4 | Received a gift from Okawaru
 35949 | Vaults:4 | Reached XP level 20. HP: 191/191 MP: 26/26
 36433 | Depths:1 | Entered Level 1 of the Depths
 36451 | Depths:1 | Reached skill level 23 in Axes
 36588 | Depths:1 | Noticed a dread lich
 36591 | Depths:1 | Noticed a dread lich
 36593 | Depths:1 | Found a one-way gateway to a ziggurat.
 36756 | Depths:1 | Noticed Sojobo
 36763 | Depths:1 | Killed Sojobo
 36895 | Depths:1 | Found a gateway to Hell.
 37105 | Depths:1 | Gained mutation: You are weak. (Str -2) [a cacodemon]
 37109 | Depths:1 | Gained mutation: You passively dampen the noise of your
                  | surroundings. [a cacodemon]
 37112 | Depths:1 | Gained mutation: You sometimes lose your temper in combat.
                  | [a cacodemon]
 37124 | Depths:1 | Gained mutation: You are clumsy. (Dex -2) [a cacodemon]
 37148 | Depths:1 | Paralysed by something for 3 turns
 37156 | Depths:1 | Killed a dread lich
 37156 | Depths:1 | Received a gift from Okawaru
 37163 | Depths:1 | Killed a dread lich
 37349 | Depths:1 | Identified the +8 chain mail of the Dwarven Hall {Rampage
                  | Will- rCorr} (Okawaru gifted it to you on level 1 of the
                  | Depths)
 37349 | Depths:1 | Received a gift from Okawaru
 37852 | Depths:2 | HP: 6/193 [white very ugly thing (40)]
 37854 | Arena    | Entered the Arena
 37854 | Arena    | Mangled by a white very ugly thing

Illustrated notes

Levels and vault maps discovered:
D:1:      beargit_arrival_diablo_church, layout_basic,
          ebering_ecumenical_altar_webs, serial_shops,
          nicolae_shop_tiny_real_fake_doors
D:2:      layout_rooms
D:3:      layout_loops_ring
D:4:      layout_basic, lightli_temple_of_fire, cheibrodos_sewer_entry_drain,
          kennysheep_boxes
D:5:      layout_loops_ring, dk_noncrumbling_3
D:6:      layout_loops_ring, mainiacjoe_overflow_cross_hatched
D:7:      layout_gridville, chequers_temple_overflow_statue_of_worship,
          kennysheep_mini_moat, minmay_temple_entry_proselytizer,
          gammafunk_ghost_hive, minmay_misc_feat_tower, uniq_joseph
D:8:      layout_loops_ring, pf_just_have_faith, serial_shops,
          nicolae_shop_gaudy_bauble, kennysheep_generic_room_2, uniq_gastronok
D:9:      layout_loops_ring, mainiacjoe_overflow_small_starburst
D:10:     layout_irregular_city, nicolae_overflow_squiral, david_orc_4,
          enter_bailey_5, lightli_fourway_metalbox
D:11:     layout_irregular_city, david_lair_generic, gauntlet_entry_generic,
          portal_ice_cave_entry_ice_simulacra, serial_shops,
          nicolae_shop_drivethru, shop, shop, nicolae_shop_tiny_statue_garden,
          hangedman_ru_absence
D:12:     layout_long_grid, serial_glass, glass_columns_b, glass_columns_b,
          glass_columns_a, glass_columns_a, glass_columns_a, glass_columns_b,
          glass_columns_b, glass_columns_c, tso_oasis_becter
D:13:     layout_grid_maze, ebering_ghost_funeral_grove, fountainhead,
          kennysheep_orc_sif_temple
D:14:     layout_roguey, erik_vaults_1, biasface_ghost_orc_armoury,
          bh_walls_and_bars
D:15:     hangedman_depths_entry_civil_slaughter, layout_long_grid,
          minmay_misc_feat_room
Temple:   oiseaux_autumnal_temple
Lair:1:   layout_cave_pods, evilmike_ambush [evilmike_ambush_outer_basic,
          evilmike_ambush_inner_wall_1]
Lair:2:   layout_loops_ring, guppyfry_snake_entry_garden
Lair:3:   layout_gridlike, minmay_shoals_entry_lonely_mermaid, basic_altar,
          uniq_snorg, uniq_sonja
Lair:4:   layout_regular_city, pf_torpor_hydra
Lair:5:   hellmonk_lair_end_abyssal_woods, layout_small_grid, slime_entry_2,
          special_room [special_room_mythical_zoo],
          chequers_serial_rivers_large_b, st_stairs_9
Shoals:1: layout_shoals, uniq_frances
Shoals:2: layout_shoals, uniq_ilsuiw
Shoals:3: layout_shoals, hangedman_shoal_volcano
Shoals:4: shoals_end_grunt_ice, layout_shoals, serial_shops,
          nicolae_lakefront_shop
Snake:1:  layout_rooms, serial_shops, shop, nicolae_snake_single_loop,
          minmay_shop_grove
Snake:2:  layout_chambers, hellmonk_ghost_happy_afterlife, uniq_kirke
Snake:3:  layout_gridlike, uniq_aizul, uniq_jorgrun
Snake:4:  grunt_snake_rune_pools, layout_rooms, serial_shops, shop,
          grunt_megastairs_3, lemuel_fruit_tree
Orc:1:    layout_caves, basic_altar
Orc:2:    st_orc_open, layout_caves
Vaults:1: nicolae_vaults_double_plus_3, ontoclasm_vaults_pinch,
          nicolae_vaults_taking_the_gang_shopping, v_misc_19,
          nicolae_vaults_sightless_eye, nicolae_vaults_border_crossing,
          hangedman_vaults_trim, v_misc_12, vaults_mumra_minichess, v_misc_17,
          nicolae_vaults_ring_of_whatevers, nicolae_vaults_diagonal_hallway_8,
          nicolae_vaults_apartment_2, layout_vaults_ring,
          nicolae_trove_entry_crossroad
Vaults:2: vaults_dpeg_spiral, hangedman_vaults_nails, v_pattern_1, serial_ice_m,
          nicolae_vaults_quartermaster, nicolae_vaults_closet_pinwheel_1,
          dpeg_vaults_monster_box, hangedman_vaults_slice,
          nicolae_vaults_mini_display_case, layout_vaults_omnigrid,
          serial_shops, bzr_entry_islet
Vaults:3: nicolae_vaults_tetromino_T_1, nicolae_vaults_angled_halls,
          nicolae_vaults_sesquioval_fish, nicolae_vaults_little_squares_3,
          ontoclasm_vaults_ring_small, hangedman_vaults_restitches,
          vaults_standard_mumra_enter_the_diamond, v_misc_30, v_misc_5,
          ontoclasm_vaults_loading_screen, nicolae_vaults_octothorpe,
          nicolae_vaults_network_quinsquares
          [nicolae_vaults_network_quincunx_subvault,
          nicolae_vaults_network_quincunx_subvault,
          nicolae_vaults_network_quincunx_subvault,
          nicolae_vaults_network_quincunx_subvault],
          nicolae_vaults_specimen_jars, layout_vaults_omnicross,
          dummy_crypt_entry
Vaults:4: nicolae_vaults_diamond_1, v_rooms_6, vaults_room_door_hall,
          nicolae_vaults_offset_grid_hallway_4, v_rooms_6,
          nicolae_vaults_storage_closets_3, vaults_dpeg_encased_lava,
          ontoclasm_vaults_ring_square, nicolae_vaults_storage_closets_2,
          v_alt_pattern_2, layout_vaults_big_room, uniq_mennas
Depths:1: layout_honeycomb, enter_ziggurat_d, pf_coc_iceberg,
          nicolae_lava_and_water, minmay_misc_feat_roman,
          kennysheep_underground_church, uniq_sojobo
Depths:2: hangedman_box_tower, layout_twisted_cross, pf_hell_entry_tar_spiral,
          rand_demon_pan_entry_8, infiniplex_enter_wizlab_spiral,
          uniq_bai_suzhen
Arena

Skill      XL: |  1  2  3  4  5  6  7  8  9 10 11 12 13 14 15 16 17 18 19 20 |
---------------+-------------------------------------------------------------+-----
Fighting       | 4 5 6 7 8 9 10 11 12 13 14 15 16 18 19 20 | 20.3
Shields        | 4 5 6 7 8 9 10 11 12 13 14 15 17 19 21 | 21.6
Armour         | 4 5 6 7 8 9 10 11 12 13 14 15 16 17 18 | 18.3
Axes           | 3 4 6 7 9 10 11 13 14 16 17 19 20 21 22 23 | 23.5
Invocations    | 4 5 6 9 10 | 10.2
Throwing       | 2 5 8 10 11 12 | 12.3
Evocations     | |  0.2

Action                     |  1- 3 |  4- 6 |  7- 9 | 10-12 | 13-15 | 16-18 | 19-21 || total
---------------------------+-------+-------+-------+-------+-------+-------+-------++-------
  Melee: War axe           |    75 |   100 |   151 |   360 |   950 |  1260 |   195 ||  3091
         Headbutt          |     6 |    15 |    31 |   136 |   228 |   366 |   205 ||   987
         Battleaxe         |       |       |    18 |   251 |       |       |       ||   269
         Unarmed           |       |       |       |       |       |     1 |       ||     1
         Broad axe         |       |       |       |       |       |       |   463 ||   463
  Throw: Boomerang         |       |       |       |    35 |    42 |    59 |       ||   136
         Throwing net      |       |       |       |     3 |       |       |       ||     3
         Javelin           |       |       |       |       |    14 |    17 |       ||    31
         Dart              |       |       |       |       |       |     6 |       ||     6
 Invoke: Heroism           |       |       |       |    13 |    11 |    14 |     4 ||    42
         Finesse           |       |       |       |     1 |       |     3 |     1 ||     5
         Duel              |       |       |       |       |       |     1 |     1 ||     2
  Evoke: Wand              |       |       |       |       |       |       |     1 ||     1
    Use: Potion            |       |       |     1 |     5 |     1 |     1 |     1 ||     9
         Scroll            |       |       |       |    22 |    11 |     4 |     5 ||    42
   Stab: Distracted        |       |       |       |       |     1 |       |     1 ||     2
 Armour: Scale mail        |    52 |    36 |       |       |       |       |       ||    88
         Chain mail        |       |    17 |    86 |   182 |       |       |       ||   285
         Plate armour      |       |       |       |   195 |       |       |       ||   195
         Crystal plate arm |       |       |       |   104 |  1018 |   774 |   361 ||  2257
  Dodge: Dodged            |    51 |    51 |    63 |   264 |   252 |   219 |   119 ||  1019
  Block: Buckler           |    17 |    29 |    51 |   106 |   238 |       |       ||   441
         Kite shield       |       |       |       |       |   339 |   381 |       ||   720
         Tower shield      |       |       |       |       |       |   919 |   499 ||  1418
